 Dungeon Crawl Stone Soup version 0.30.1-4-g462c640d31 (webtiles) character file.

Game seed: 1945653920995585122

277 safid the Chiller (level 6, 0/47 HPs)
             Began as a Merfolk Ice Elementalist on Sept 18, 2023.
             Slain by Duvessa
             ... wielding a +0 rapier
              (11 damage)
             ... on level 4 of the Dungeon.
             The game lasted 00:04:35 (2573 turns).

safid the Chiller (Merfolk Ice Elementalist)        Turns: 2573, Time: 00:04:35

Health: 0/47       AC:  3    Str: 13    XL:     6   Next: 25%
Magic:  6/11       EV: 13    Int: 16    God:
Gold:   184        SH:  0    Dex: 17    Spells: 5/12 levels left

rFire   . . .        u - +8 dagger "Vaen" {freeze, rPois rN+ Str+4 Dex+3}
rCold   + . .        (no shield)
rNeg    + . .        a - +0 robe
rPois   +            c - +1 hat
rElec   .            (no cloak)
rCorr   .            (no gloves)
SInv    .            (no boots)
Will    .....        i - amulet of regeneration
Stlth   ++           h - ring of protection from cold
HPRegen 1.07/turn    (no ring)
MPRegen 0.12/turn

%: no passive effects
@: freezing walls
A: (nimble swimmer 2), mertail
a: no special abilities


You were on level 4 of the Dungeon.
You visited 1 branch of the dungeon, and saw 4 of its levels.

You collected 184 gold pieces.

Inventory:

Hand Weapons
 u - the +8 dagger "Vaen" (weapon) {freeze, rPois rN+ Str+4 Dex+3}
   (You found it on level 4 of the Dungeon)

   Str:       It affects your strength (+4).
   Dex:       It affects your dexterity (+3).
   rPois:     It protects you from poison.
   rN:        It protects you from negative energy.
Armour
 a - a +0 robe (worn)
 c - a +1 hat (worn)
Jewellery
 h - a ring of protection from cold (left hand)
 i - an amulet of regeneration (around neck)
Wands
 o - a wand of digging (5)
Scrolls
 e - 6 scrolls of identify {unknown}
 f - 3 scrolls of teleportation {unknown}
 g - 2 scrolls of noise {unknown}
 j - 4 scrolls of silence {unknown}
 k - a scroll of amnesia {unknown}
 p - a scroll of immolation {unknown}
 s - a scroll of vulnerability {unknown}
 t - a scroll of enchant weapon {unknown}
Potions
 b - a potion of magic
 l - a potion of brilliance {unknown}
 m - a potion of berserk rage {unknown}
 n - a potion of might {unknown}
 q - 2 potions of heal wounds {unknown}
 r - a potion of curing {unknown}


   Skills:
 + Level 3.6 Fighting
 - Level 2.6 Dodging
 - Level 2.1 Stealth
 + Level 3.6 Spellcasting
 + Level 5.8 Ice Magic


You had 5 spell levels left.
You knew the following spells:

 Your Spells              Type           Power      Damage    Failure   Level
a - Freeze                Ice            84%        1d9       1%          1
b - Frozen Ramparts       Ice            42%        1d7       4%          3
c - Ozocubu's Armour      Ice            21%        N/A       4%          3

Your spell library contained the following spells:

 Spells                   Type           Power      Damage    Failure   Level
 Summon Ice Beast         Ice/Summ       12%        N/A       45%         4
 Vhi's Electric Charge    Tloc/Air       4%         N/A       47%         3
 Arcjolt                  Conj/Air       1%         1d11      99%         5
 Plasma Beam              Fire/Air       1%         2x1d12    100%        6


Dungeon Overview and Level Annotations

Branches:
Dungeon (4/15)
 Temple: D:4-7

Altars:
Xom
Yredelemnul

Shops:
D:1 [

Annotations:
D:4 exclusion: phantom, Dowan, Duvessa


Innate Abilities, Weirdness & Mutations

((You are very nimble when in or above water. (Stealth+, EV+, Speed+++)))
Your lower body shifts to a powerful aquatic tail in water.


Message History

The phantom is heavily damaged.
The phantom completely resists.
The wall freezes the phantom but does no damage.
The phantom closely misses you.
The wall freezes the kobold.
You kill the kobold!
The wall freezes Duvessa but does no damage.
Duvessa says, "Where magic fails, the sword succeeds!"
Duvessa hits you with a +0 rapier!
You closely miss the phantom.
The phantom is heavily damaged.
The phantom completely resists.
The wall freezes the phantom but does no damage.
The phantom barely misses you.
The wall freezes Duvessa.
Unknown command.
You hit the phantom.
The phantom is severely damaged.
The phantom completely resists.
The wall freezes the phantom but does no damage.
The phantom hits you.
The wall freezes Duvessa but does no damage.
Duvessa misses you.
You barely miss the phantom.
The phantom is severely damaged.
The phantom completely resists.
The wall freezes the phantom but does no damage.
The phantom misses you.
The wall freezes Duvessa but does no damage.
Duvessa hits you with a +0 rapier.
* * * LOW HITPOINT WARNING * * *
The wall freezes Dowan but does no damage.
You puncture the phantom!
The phantom is almost destroyed.
The phantom completely resists.
The wall freezes the phantom but does no damage.
The phantom misses you.
The wall freezes Dowan but does no damage.
Dowan hits you with a +0 dagger.
* * * LOW HITPOINT WARNING * * *
The wall freezes Duvessa.
Duvessa hits you with a +0 rapier!
You die...

.......#....###.......##
#.
.......###......#####.#
#. .......###..##### #.#
#. ...§.§....§.# #.. #.
..≈§≈§≈≈≈§≈.## #..# #.
†.§§§...§§§§.# #... #.
.(≈.§≈≈§≈§§..##### #.#..
#.
..≈.≈_..§.≈....)?####.##.
#.
..≈.≈≈≈.≈.≈....e@W).....
#.
..≈.§§..≈....###e#..###.
.. ..≈≈§≈§≈≈≈≈...
.g...... #+#
....≈§§...≈...##......##
#
..≈§≈.≈≈≈.≈.|#.:.####...
# #.≈.§.§_§.≈..# #.. .. #
#.§§§§≈≈§.≈..#.#.. #
..≈.§§....≈.<..#..
..§§§≈≈≈≈≈≈....#


You could see Duvessa, a phantom, Dowan and a hobgoblin.

Vanquished Creatures
  A black bear (D:4)
  An orc wizard (D:4)
  5 adders
  4 worms
  2 dart slugs
  4 orcs (D:4)
  6 endoplasms
  5 giant cockroaches
  9 goblins
  9 hobgoblins
  12 jackals
  7 kobolds
  4 quokkas
  7 ball pythons
  6 bats
  5 frilled lizards
  6 rats
93 creatures vanquished.

Notes
Turn   | Place    | Note
-------+----------+-------------------------------------------
     0 | D:1      | safid the Merfolk Ice Elementalist began the quest for the
                  | Orb.
     0 | D:1      | Reached XP level 1. HP: 13/13 MP: 3/3
   149 | D:1      | Reached XP level 2. HP: 20/20 MP: 5/5
   177 | D:1      | Reached skill level 1 in Fighting
   384 | D:1      | Found a faded altar of an unknown god.
   430 | D:1      | Found Irchok's Armour Shop.
   440 | D:1      | Reached XP level 3. HP: 24/26 MP: 2/6
   453 | D:1      | Learned a level 3 spell: Frozen Ramparts
   942 | D:2      | Reached skill level 5 in Ice Magic
   942 | D:2      | Reached XP level 4. HP: 33/33 MP: 4/8
   989 | D:2      | Learned a level 3 spell: Ozocubu's Armour
  1663 | D:3      | Reached XP level 5. HP: 39/39 MP: 5/9
  2229 | D:4      | Noticed Duvessa
  2229 | D:4      | Noticed Dowan
  2229 | D:4      | Found a basalt altar of Yredelemnul.
  2298 | D:4      | Noticed a phantom
  2312 | D:4      | Found a shimmering altar of Xom.
  2319 | D:4      | Noticed a black bear
  2341 | D:4      | Killed a black bear
  2342 | D:4      | Reached XP level 6. HP: 47/47 MP: 3/11
  2471 | D:4      | Identified the +8 dagger "Vaen" {freeze, rPois rN+ Str+4
                  | Dex+3}
  2573 | D:4      | Slain by Duvessa

Illustrated notes

Levels and vault maps discovered:
D:1:      dpeg_arrival_rhombus, layout_basic, basic_ecumenical_altar,
          serial_shops, shop
D:2:      cheibrodos_old_hovel, layout_rooms
D:3:      layout_basic, minmay_splitting_lines
D:4:      layout_rooms, kennysheep_mini, mainiacjoe_overflow_catwalk_spiral,
          kennysheep_generic_room_7, uniq_duvessa, uniq_ijyb

Skill      XL: |  1  2  3  4  5 |
---------------+----------------+-----
Fighting       | 1 2 3 |  3.6
Ice Magic      | 5 |  5.8
Spellcasting   | 3 |  3.6
Dodging        | |  2.6
Stealth        | |  2.1

Action                     |  1- 3 |  4- 6 || total
---------------------------+-------+-------++-------
  Melee: Spear             |    81 |   143 ||   224
         Punch             |       |     2 ||     2
         Dagger            |       |    24 ||    24
   Cast: Freeze            |    17 |    21 ||    38
         Frozen Ramparts   |     1 |     7 ||     8
         Ozocubu's Armour  |       |     2 ||     2
   Stab: Sleeping          |     4 |     9 ||    13
         Distracted        |       |     1 ||     1
 Armour: Robe              |     7 |    43 ||    50
  Dodge: Dodged            |    45 |   113 ||   158
